 Dungeon Crawl Stone Soup version 0.23-a0-435-g79ed067 (webtiles) character file.

30 galech the Skirmisher (level 3, 18/29 HPs)
             Began as a Demonspawn Fighter on Nov 15, 2018.
             Quit the game on level 2 of the Dungeon.
             The game lasted 00:01:03 (498 turns).

galech the Skirmisher (Demonspawn Fighter)           Turns: 498, Time: 00:01:04

Health: 18/29      AC:  6    Str: 16    XL:     3   Next: 5%
Magic:  3/3        EV:  4    Int:  9    God:
Gold:   50         SH: 13    Dex: 13    Spells: 2/2 levels left

rFire    . . .     SeeInvis .   a - +0 war axe
rCold    . . .     Gourm    .   i - +0 large shield
rNeg     . . .     Faith    .   b - +0 scale mail
rPois    .         Spirit   .   (helmet restricted)
rElec    .         Reflect  .   (no cloak)
rCorr    .         Harm     .   (no gloves)
MR       .....                  (no boots)
Stlth    ..........             (no amulet)
HPRegen  0.09/turn              (no ring)
MPRegen  0.08/turn              (no ring)

@: no status effects
A: horns 1, demonic guardian 1
a: no special abilities


You were on level 2 of the Dungeon.
You were not hungry.

You visited 1 branch of the dungeon, and saw 2 of its levels.

You collected 50 gold pieces.

Inventory:

Hand Weapons
 a - a +0 war axe (weapon)
Armour
 b - a +0 scale mail (worn)
 i - a +0 large shield (worn)
 p - a +0 helmet
Scrolls
 c - a scroll of identify {unknown}
 e - a scroll of teleportation {unknown}
 n - 2 scrolls of magic mapping {unknown}
 o - a scroll of noise {unknown}
Potions
 d - a potion of might
 g - a potion of degeneration {unknown}
 h - a potion of ambrosia {unknown}
 j - a potion of brilliance {unknown}
 k - 2 potions of curing {unknown}
 l - a potion of invisibility {unknown}
 m - a potion of magic {unknown}
Comestibles
 f - 5 rations
 q - a chunk of flesh


   Skills:
 + Level 3.3 Fighting
 + Level 2.1 Axes
 + Level 3.0 Armour
 + Level 3.1 Shields


You had 2 spell levels left.
You didn't know any spells.
Your spell library was empty.

Dungeon Overview and Level Annotations

Branches:
Dungeon (2/15)

Altars:


Innate Abilities, Weirdness & Mutations

You have a pair of small horns on your head.
A weak demonic guardian rushes to your aid.


Message History

You see here a worm corpse.
You closely miss the leopard gecko.
You block the leopard gecko's attack. x2
Your shield and scale mail prevent you from hitting the leopard gecko.
Your headbutt misses the leopard gecko. You block the leopard gecko's attack.
You hit the leopard gecko.
You kill the leopard gecko!
No target in view!
No target in view!
No target in view!
No target in view!
No target in view!
No target in view!
No target in view!
No target in view!
You see here a worm corpse.
You butcher the worm corpse.
q - a chunk of flesh You start resting.
A giant cockroach comes into view.
Are you sure you want to abandon this character and quit the game? (Confirm

... ...
..# #
#.#.##.
..#...
#.#.#
##..)##
#.....#
#@....#
#.....##
#......##
#<.......
#.....####
###...#
...# .s..#
##..#


You could see a giant cockroach (wandering).

Vanquished Creatures
  2 worms (D:2)
  3 leopard geckos
  4 giant cockroaches
  A goblin (D:1)
  3 hobgoblins (D:1)
  3 kobolds (D:1)
  A quokka (D:2)
  A bat (D:1)
  2 frilled lizards (D:1)
20 creatures vanquished.

Notes
Turn   | Place    | Note
-------+----------+-------------------------------------------
     0 | D:1      | galech the Demonspawn Fighter began the quest for the Orb.
     0 | D:1      | Reached XP level 1. HP: 18/18 MP: 1/1
   146 | D:1      | Gained mutation: A weak demonic guardian rushes to your
                  | aid. [demonic ancestry]
   146 | D:1      | Reached XP level 2. HP: 24/24 MP: 2/2
   482 | D:2      | Gained mutation: You have a pair of small horns on your
                  | head. [demonic ancestry]
   482 | D:2      | Reached XP level 3. HP: 17/29 MP: 3/3
   498 | D:2      | Quit the game

Vault maps used:
D:1:      wander_arrival_lonely_grave
D:2:      minmay_diamond_boxcup, uniq_terence

Skill      XL: |  1  2 |
---------------+-------+-----
Axes           | 2 |  2.1
Shields        | 3 |  3.1
Armour         | 3 |  3.0
Fighting       | |  3.3

Action                   || total
-------------------------++-------
Melee: War axe           ||    69
Armor: Scale mail        ||    34
Dodge: Dodged            ||    10
Block: Shield            ||     6
       Large shield      ||    44

Table legend:
 A = Non-vault XP
 B = Vault XP
 C = Vault XP percentage of total XP
 D = Non-vault monster count
 E = Vault monster count
 F = Vault count percentage of total count
                 A         B        C        D         E       F
            +---------+---------+-------+---------+---------+-------
      Total |      44 |       0 |   0.0 |      20 |       0 |   0.0
            +---------+---------+-------+---------+---------+-------
        D:1 |      27 |       0 |   0.0 |      15 |       0 |   0.0
        D:2 |      17 |       0 |   0.0 |       5 |       0 |   0.0
            +---------+---------+-------+---------+---------+-------
